Map: Ephemeron LE

Players

BlyOnFire (Bly) - Winner!

  • Race: Zerg Zerg
  • League: Grandmaster
  • Spawn Location: 5:00

AqueroN

  • Race: Terran Terran
  • League: Grandmaster
  • Spawn Location: 11:00

Event: NationWars 2019

VOD

Have the link to the VOD?

Description

Time

  • Played on: Sept. 30, 2019, 10:20 a.m.
  • Length: 12:52

All games in this series

Show
View Real Time Build Order
Export as new Build Order

BlyOnFire Zerg - Winner!

Build Orders: Hatch First, Muta Ling Bane 

Get SALT Encoding   

  12  0:01  Drone  
  13  0:12  Overlord  
  13  0:18  Drone  
  14  0:31  Drone x2  
  16  0:48  Hatchery  
  15  0:51  Drone  
  15  0:55  Drone  
  17  0:59  Drone  
  18  1:10  Extractor  
  17  1:14  Spawning Pool  
  17  1:17  Drone  
  17  1:20  Drone  
  18  1:29  Drone  
  19  1:41  Drone  
  20  1:50  Overlord  
  20  2:01  Queen x2  
  22  2:02  Zergling x4  
  26  2:11  Drone x2  
  26  2:13  Metabolic Boost  
  28  2:24  Drone x2  
  28  2:29  Extractor  
  29  2:36  Drone  
  31  2:39  Queen  
  31  2:43  Overlord  
  33  2:47  Overlord  
  33  2:52  Drone  
  33  2:56  Lair  
  34  3:04  Drone x3  
  34  3:05  Drone  
  37  3:12  Drone x3  
  39  3:14  Drone  
  40  3:20  Zergling x6  
  40  3:22  Zergling x2  
  44  3:27  Extractor  
  44  3:28  Extractor  
  44  3:30  Roach Warren  
  41  3:39  Drone x2  
  43  3:50  Drone x7  
  43  3:51  Drone  
  51  3:57  Overlord  
  51  4:05  Spire  
  47  4:11  Drone x3  
  47  4:13  Extractor  
  49  4:29  Overlord  
  49  4:30  Drone x2  
  49  4:31  Overlord x2  
  51  4:34  Roach  
  51  4:35  Roach  
  55  4:50  Hatchery  
  54  4:53  Drone x3  
  54  4:54  Overlord x2  
  57  5:06  Overlord  
  57  5:16  Mutalisk x6  
  57  5:18  Overlord  
  69  5:31  Mutalisk x2  
  73  5:36  Drone x2  
  73  5:37  Evolution Chamber  
  73  5:38  Baneling Nest  
  73  5:45  Drone x5  
  78  5:55  Overlord  
  78  5:58  Zerg Flyer Weapons Level 1  
  78  5:59  Drone  
  77  6:05  Spore Crawler  
  75  6:15  Drone x5  
  80  6:22  Mutalisk x4  
  88  6:36  Drone x6  
  88  6:37  Extractor  
  88  6:38  Extractor  
  92  6:42  Centrifical Hooks  
  92  6:44  Overlord  
  92  6:53  Drone x7  
  93  6:56  Drone  
  93  6:58  Zerg Ground Armor Level 1  
  90  7:08  Drone x3  
  90  7:14  Drone x4  
  96  7:18  Zergling x8  
  96  7:19  Baneling  
  96  7:20  Baneling  
  100  7:28  Zergling x6  
  103  7:31  Evolution Chamber  
  103  7:34  Zergling x2  
  103  7:35  Burrow  
  103  7:47  Hatchery  
  96  7:55  Drone  
  96  7:56  Drone x2  
  96  7:57  Zergling x12  
  105  7:59  Zerg Melee Weapons Level 1  
  105  8:02  Queen x2  
  105  8:05  Zerg Flyer Weapons Level 2  
  109  8:07  Baneling x7  
  109  8:24  Overlord x2  
  109  8:33  Zergling x22  
  120  8:35  Baneling x4  
  120  8:39  Hatchery  
  119  8:52  Baneling x2  
  119  8:55  Mutalisk x9  
  137  9:17  Zerg Ground Armor Level 2  
  137  9:23  Zergling x20  
  147  9:25  Overlord  
  147  9:36  Overseer x3  
  147  9:37  Pneumatized Carapace  
  147  9:39  Overseer  
  147  9:40  Zergling x10, Hatchery  
  147  9:41  Extractor  
  150  9:48  Baneling x12  
  150  9:59  Overlord x2  
  150  10:03  Infestation Pit  
  146  10:18  Zergling x36  
  161  10:31  Baneling x6  
  161  10:32  Baneling x15  
  161  10:35  Zerg Melee Weapons Level 2  
  161  10:43  Hive  
  161  10:48  Overseer x2  
  161  10:52  Drone x3, Baneling x2  
  163  11:10  Overlord x2  
  163  11:11  Overlord x2  
  163  11:12  Drone x4  
  163  11:15  Zergling x8  
  171  11:22  Baneling x2  
  171  11:26  Baneling x2  
  172  11:32  Drone  
  172  11:33  Drone  
  172  11:49  Zergling x38  
  191  11:54  Baneling x18  
  191  12:00  Ultralisk Cavern  
  181  12:11  Zergling x2  
  181  12:12  Zergling x28  
  181  12:13  Baneling x10  
  186  12:23  Overlord x7  
  176  12:33  Zergling x14  
  176  12:36  Baneling x18  
Show
View Real Time Build Order
Export as new Build Order

AqueroN Terran 

Build Orders: Reaper Expand 

Get SALT Encoding   

  12  0:00  SCV  
  13  0:13  SCV  
  14  0:17  Supply Depot  
  14  0:25  SCV  
  15  0:39  SCV  
  15  0:40  Barracks  
  16  0:44  Refinery  
  16  0:51  SCV  
  17  1:03  SCV  
  18  1:15  SCV  
  19  1:27  Orbital Command  
  19  1:28  Reaper  
  20  1:41  Command Center  
  20  1:52  Supply Depot  
  20  1:53  SCV  
  21  2:00  Marine  
  22  2:05  SCV  
  23  2:11  Factory  
  23  2:17  SCV  
  23  2:20  Refinery  
  24  2:23  Barracks Reactor  
  24  2:29  SCV  
  25  2:41  SCV  
  26  2:54  Orbital Command, SCV  
  26  3:06  SCV  
  26  3:08  Starport  
  27  3:15  Hellion x2  
  27  3:16  Marine  
  27  3:18  SCV  
  33  3:20  SCV  
  34  3:30  SCV, Supply Depot  
  35  3:34  SCV  
  35  3:37  Hellion x2  
  35  3:38  Barracks Tech Lab  
  40  3:42  SCV  
  40  3:47  SCV  
  45  3:54  SCV  
  46  3:59  SCV  
  46  4:00  Viking  
  46  4:04  Marine  
  46  4:05  Siege Tank, Marine  
  46  4:07  SCV  
  50  4:12  Bunker, SCV  
  50  4:15  Supply Depot  
  51  4:19  Liberator  
  51  4:22  Marine x2  
  51  4:23  Supply Depot  
  53  4:27  SCV  
  54  4:36  SCV  
  58  4:39  Supply Depot  
  58  4:40  Marine x2  
  58  4:41  SCV  
  58  4:45  Siege Tank  
  64  4:49  SCV  
  65  4:57  SCV  
  66  5:00  Command Center  
  66  5:01  SCV  
  66  5:02  Liberator  
  66  5:04  Marine x2  
  69  5:07  Bunker  
  69  5:09  SCV  
  69  5:13  SCV  
  72  5:21  SCV  
  72  5:22  Barracks x2  
  72  5:24  Marine x2  
  72  5:25  SCV  
  76  5:33  SCV  
  77  5:36  Refinery  
  77  5:37  SCV, Supply Depot x3  
  78  5:52  Marine x2  
  78  5:58  SCV x2  
  78  6:01  Engineering Bay x2  
  78  6:02  Viking, Widow Mine  
  84  6:10  SCV x2, Marine x2  
  88  6:11  Marine  
  88  6:15  Orbital Command, Barracks Tech Lab  
  88  6:23  Widow Mine  
  88  6:25  SCV  
  89  6:28  Marine x2  
  86  6:36  Marine x2  
  86  6:37  Stimpack  
  86  6:38  Terran Infantry Weapons Level 1, Terran Infantry Armor Level 1  
  86  6:39  Missile Turret  
  88  6:42  Missile Turret  
  88  6:43  Missile Turret x2  
  88  6:46  Marine x2  
  90  6:51  SCV x2  
  90  6:52  Starport Reactor  
  91  6:54  Marine  
  91  6:59  Marine  
  93  7:02  SCV  
  93  7:03  SCV, Marine  
  93  7:06  Siege Tank  
  96  7:10  Refinery  
  96  7:13  Barracks  
  96  7:14  Barracks  
  93  7:15  SCV x2  
  93  7:18  Missile Turret x2  
  93  7:22  Orbital Command, Marine x2  
  95  7:23  Barracks Reactor, Marine  
  95  7:28  SCV  
  100  7:32  Medivac  
  100  7:33  Medivac  
  103  7:39  SCV  
  103  7:40  SCV, Marine x2  
  103  7:41  Marine  
  103  7:42  Siege Tank  
  111  7:51  SCV  
  112  7:52  SCV x2  
  114  8:00  Armory  
  114  8:03  Missile Turret, SCV  
  114  8:04  Barracks Reactor x2, SCV, Marine  
  114  8:05  Missile Turret  
  117  8:06  Missile Turret  
  117  8:09  Marine x3  
  117  8:10  Supply Depot  
  120  8:25  Marine x2  
  120  8:26  Medivac  
  124  8:31  SCV x3, Supply Depot, Medivac  
  124  8:32  Combat Shield, Supply Depot  
  124  8:33  Supply Depot, Marine  
  130  8:47  Refinery  
  130  8:48  Refinery  
  130  8:50  Factory  
  129  8:56  Siege Tank  
  129  8:59  Marine x5  
  129  9:00  Marine x3  
  129  9:01  Marauder  
  129  9:02  Medivac  
  144  9:14  Terran Infantry Weapons Level 2  
  144  9:16  Barracks  
  144  9:17  Barracks x2, Supply Depot  
  144  9:22  Marine x7  
  151  9:27  Supply Depot x2  
  151  9:32  Terran Infantry Armor Level 2  
  151  9:35  Factory Reactor  
  151  9:36  Widow Mine  
  151  9:37  Marine x2  
  155  9:39  Marine x2  
  155  9:40  Marine x2  
  155  9:45  Supply Depot x3  
  159  9:47  Supply Depot  
  156  10:00  SCV x3  
  156  10:01  Refinery  
  149  10:14  SCV  
  149  10:15  SCV  
  149  10:17  Marine x6  
  149  10:18  Marauder  
  149  10:19  Medivac x2, Widow Mine x3  
  151  10:31  SCV x3  
  151  10:34  Barracks Tech Lab x3  
  153  10:40  Widow Mine  
  155  10:46  Missile Turret  
  155  10:47  Missile Turret, Widow Mine x2  
  159  10:54  Marauder x4, Concussive Shells  
  167  10:57  Refinery  
  167  10:58  Marine x3  
  167  11:01  Widow Mine  
  172  11:07  Missile Turret  
  172  11:08  Missile Turret  
  172  11:09  Marine x2  
  174  11:16  Medivac x2  
  178  11:19  Marine  
  178  11:20  Marine x2  
  180  11:30  Command Center  
  180  11:35  Marauder  
  180  11:36  Marauder  
  184  11:49  Marauder x2  
  188  11:57  Marauder  
  190  12:02  Medivac x2  
  190  12:03  Marauder, Marine x3  
  190  12:10  Marauder x2, Marine x4  
  175  12:26  Widow Mine x2  
  175  12:27  Marauder  
  159  12:33  Marine x3  
Tags
 
Add a new tag
Caveats
  • Supply blocks, unpowered buildings, or Contaminate may cause inaccurate times.
  • Supply counts are checked every 10 seconds.